 Dungeon Crawl Stone Soup version 0.22-a0-247-gbddf880 (webtiles) character file.

1045 varam the Firebug (level 8, 0/59 HPs)
             Began as a Black Draconian Fire Elementalist on Feb 27, 2018.
             Slain by an orc warrior
             ... wielding a +0 halberd
              (22 damage)
             ... on level 6 of the Dungeon.
             The game lasted 00:28:10 (5361 turns).

varam the Firebug (DrFE)                            Turns: 5361, Time: 00:28:11

Health: 0/59       AC:  6    Str: 11    XL:     8   Next: 4%
Magic:  2/11       EV: 14    Int: 18    God:
Gold:   323        SH:  0    Dex: 11    Spells: 1/11 levels left

rFire    . . .     SeeInvis .   t - +0 rapier
rCold    . . .     Gourm    .   (no shield)
rNeg     + . .     Faith    .   (armour unavailable)
rPois    .         Spirit   .   (helmet restricted)
rElec    +         Reflect  .   (no cloak)
rCorr    .         Harm     .   (no gloves)
MR       .....                  (no boots)
Stlth    ++........             p - amulet of magic regeneration
HPRegen  0.19/turn              h - ring of positive energy
MPRegen  0.37/turn              o - +2 ring of evasion (curse)

@: short of breath, starving
A: breathe lightning, unfitting armour, stinger 1, mutation resistance 1,
electricity resistance, cold-blooded, AC +6
a: Breathe Lightning


You were on level 6 of the Dungeon.
You were starving.

You visited 1 branch of the dungeon, and saw 6 of its levels.

You collected 323 gold pieces.

Inventory:

Hand Weapons
 f - a +0 short sword
 t - a +0 rapier (weapon)
Missiles
 u - 2 throwing nets (quivered)
Jewellery
 b - an uncursed ring of fire
 h - a ring of positive energy (left hand)
 j - an uncursed amulet of faith
 l - an uncursed ring of protection from fire
 o - a cursed +2 ring of evasion (right hand)
 p - an amulet of magic regeneration (around neck)
 v - an uncursed ring of wizardry
Wands
 k - a wand of flame (40)
 n - a wand of paralysis (10)
Scrolls
 d - 2 scrolls of enchant armour
 e - 2 scrolls of remove curse
 g - a scroll of amnesia
 i - 2 scrolls of magic mapping
 q - 3 scrolls of identify
 r - a scroll of fog
Potions
 c - a potion of mutation
 m - a potion of might
 s - 2 potions of haste {unknown}
Comestibles
 a - 6 rations
 w - 2 chunks of flesh


   Skills:
 + Level 1.4 Fighting
 + Level 1.2 Short Blades
 - Level 1.7 Dodging
 - Level 1.7 Stealth
 - Level 2.0 Spellcasting
 + Level 6.4 Conjurations
 + Level 7.1 Fire Magic


You had one spell level left.
You knew the following spells:

 Your Spells              Type           Power        Failure   Level  Hunger
a - Flame Tongue          Conj/Fire      ####.        1%          1    #......
b - Throw Flame           Conj/Fire      ####..       1%          2    ###....
c - Conjure Flame         Conj/Fire      ####....     3%          3    ###....
d - Sticky Flame          Conj/Fire      ####....     11%         4    #####..


Dungeon Overview and Level Annotations

Branches:
Dungeon (6/15)
 Temple: D:4-7

Altars:

Annotations:
D:3 2 transporters
D:6 Prince Ribbit


Innate Abilities, Weirdness & Mutations

You can breathe wild blasts of lightning.
Your glossy black scales are hard. (AC +6)
You cannot fit into any form of body armour.
You are resistant to electric shocks. (rElec)
You are cold-blooded and may be slowed by cold attacks.
Your tail ends in a poisonous barb.
You are somewhat resistant to further mutation.


Message History

The orc warrior is heavily wounded.
The orc warrior is covered in liquid flames!
You are starving!
The orc warrior burns!
You don't have the energy to cast that spell.
You hit the orc warrior but do no damage.
The orc warrior is heavily wounded.
The orc warrior burns!
The orc warrior closely misses you.
Eat one of 2 chunks of flesh? (ye/n/q)
Okay, then.
You completely miss the orc warrior.
The orc warrior is heavily wounded.
The orc warrior burns!
The orc warrior hits you with a halberd!!
You hit the orc warrior but do no damage.
You tail-slap the orc warrior, but do no damage.
The orc warrior is severely wounded.
The orc warrior burns!
The orc warrior hits you with a halberd!!
You die...

#. #. #. #.###### #....
#....o.# #.F.. #.....@# ♣PP..
#.....†# ♣♣... ###.##.# .
♣PP..# #...##.## ##. ..#..g..
#♣.... #.####.[###.. ........
#.PP..###.#####[.##.###..#.....
♣♣...........##)##.##...#.....
♣PP..........##..#.##...# ..o.
♣............###o#.#...# #.o.


You could see an orc warrior (burning).

Vanquished Creatures
  Duvessa (D:5)
  An ice beast (D:5)
  An ogre (D:5)
  A centaur (D:3)
  Dowan (D:5)
  2 scorpions (D:6)
  A howler monkey (D:5)
  A hound (D:4)
  5 orc priests
  Jessica (D:2)
  An orc wizard (D:4)
  2 worker ants (D:5)
  A hound zombie (D:5)
  4 gnolls (D:5)
  6 adders
  A shadow imp (D:5)
  An ooze (D:1)
  An adder zombie (D:5)
  A worm (D:5)
  2 dart slugs
  3 leopard geckos
  11 orcs
  3 ball pythons (D:3)
  9 giant cockroaches
  5 hobgoblins
  4 jackals (D:3)
  4 quokkas
  7 bats
  5 frilled lizards
  14 goblins
  5 kobolds
  10 rats
115 creatures vanquished.

Notes
Turn   | Place    | Note
-------+----------+-------------------------------------------
     0 | D:1      | varam the Draconian Fire Elementalist began the quest for the Orb.
     0 | D:1      | Reached XP level 1. HP: 14/14 MP: 3/3
   322 | D:1      | Reached XP level 2. HP: 20/20 MP: 3/5
   326 | D:1      | Learned a level 2 spell: Throw Flame
   621 | D:1      | Reached skill level 2 in Conjurations
   867 | D:1      | Reached XP level 3. HP: 26/26 MP: 3/6
  1006 | D:2      | Noticed Jessica
  1016 | D:2      | Killed Jessica
  1017 | D:2      | Reached skill level 4 in Fire Magic
  1051 | D:2      | Reached XP level 4. HP: 31/33 MP: 0/7
  1400 | D:2      | Reached skill level 3 in Conjurations
  1713 | D:3      | Found a transporter.
  1736 | D:3      | Found a transporter.
  1929 | D:3      | Reached XP level 5. HP: 32/38 MP: 0/8
  1942 | D:3      | Noticed a centaur
  1957 | D:3      | Found a faded altar of an unknown god.
  2228 | D:3      | Gained mutation: You are somewhat resistant to further mutation. [potion of mutation]
  2228 | D:3      | Gained mutation: Your tail ends in a poisonous barb. [potion of mutation]
  2231 | D:3      | HP: 1/57 [centaur (6)]
  2237 | D:3      | Killed a centaur
  2237 | D:3      | Reached skill level 4 in Conjurations
  2237 | D:3      | Reached skill level 5 in Fire Magic
  2543 | D:3      | Learned a level 3 spell: Conjure Flame
  3109 | D:4      | Reached XP level 6. HP: 45/45 MP: 2/9
  3112 | D:5      | Entered Level 5 of the Dungeon
  4455 | D:5      | Noticed an ice beast
  4464 | D:5      | Killed an ice beast
  4464 | D:5      | Reached skill level 5 in Conjurations
  4464 | D:5      | Reached skill level 6 in Fire Magic
  4464 | D:5      | Your scales start taking on a glossy black colour.
  4464 | D:5      | Reached XP level 7. HP: 50/50 MP: 0/10
  4464 | D:5      | Gained mutation: You are resistant to electric shocks. (rElec) [Black Draconian growth]
  4707 | D:5      | Learned a level 4 spell: Sticky Flame
  4759 | D:5      | Noticed Duvessa
  4782 | D:5      | Killed Duvessa
  4782 | D:5      | Reached skill level 6 in Conjurations
  4783 | D:5      | Noticed Dowan
  5139 | D:5      | Killed Dowan
  5187 | D:6      | Noticed Prince Ribbit
  5209 | D:6      | Reached skill level 7 in Fire Magic
  5263 | D:6      | Reached skill level 1 in Fighting
  5266 | D:6      | Reached skill level 1 in Short Blades
  5298 | D:6      | Reached XP level 8. HP: 55/59 MP: 3/11
  5361 | D:6      | Slain by an orc warrior

Vault maps used:
D:1:      minmay_arrival_stair_chambers, minmay_misc_feat_enclosed
D:2:      minivault_5, serial_bayou_lagoon_b, uniq_jessica
D:3:      gammafunk_wand_slinger, chequers_ecumenical_altar_simple_redux,
          first_ration
D:4:      hangedman_decor_peaks_small
D:5:      uniq_duvessa
D:6:      kennysheep_housing_project, nicolae_overflow_hidden_temple,
          uniq_prince_ribbit1

Skill      XL: |  1  2  3  4  5  6  7 |
---------------+----------------------+-----
Conjurations   | 2 3 4 5 6 |  6.4
Fire Magic     | 4 5 6 7 |  7.1
Fighting       | 1 |  1.4
Short Blades   | 1 |  1.2
Dodging        | |  1.7
Stealth        | |  1.7
Spellcasting   | |  2.0

Action                   |  1- 3 |  4- 6 |  7- 9 || total
-------------------------+-------+-------+-------++-------
Melee: Unarmed           |    12 |    64 |       ||    76
       Tailslap          |       |     6 |     5 ||    11
       Rapier            |       |     2 |    66 ||    68
 Cast: Flame Tongue      |    42 |   111 |    17 ||   170
       Throw Flame       |     6 |    21 |    27 ||    54
       Sticky Flame      |       |       |     9 ||     9
       Conjure Flame     |       |       |     1 ||     1
 Abil: Breathe Lightning |       |       |     2 ||     2
  Use: Scroll            |     6 |     6 |       ||    12
       Potion            |       |     4 |       ||     4
 Stab: Sleeping          |       |     1 |     1 ||     2
  Eat: Chunk             |     2 |     7 |     5 ||    14
       Ration            |       |     2 |       ||     2
Armor: Skin              |    13 |    39 |    23 ||    75
Dodge: Dodged            |    19 |    81 |    51 ||   151

Table legend:
 A = Spawn XP
 B = Non-spawn XP
 C = Spawn XP percentage of total XP
 D = Spawn monster count
 E = Non-spawn monster count
 F = Spawn count percentage of total count
 G = Total turns spent on level
                    A         B        C        D         E        F      G
               +---------+---------+-------+---------+---------+-------+---------
         Total |       0 |    1494 |   0.0 |       0 |     115 |   0.0 |  5361
               +---------+---------+-------+---------+---------+-------+---------
           D:1 |       0 |      41 |   0.0 |       0 |      23 |   0.0 |   926
           D:2 |       0 |      86 |   0.0 |       0 |      16 |   0.0 |   717
           D:3 |       0 |     242 |   0.0 |       0 |      38 |   0.0 |  1790
           D:4 |       0 |     153 |   0.0 |       0 |       7 |   0.0 |   265
           D:5 |       0 |     709 |   0.0 |       0 |      23 |   0.0 |  1514
           D:6 |       0 |     263 |   0.0 |       0 |       8 |   0.0 |   149
               +---------+---------+-------+---------+---------+-------+---------
